 Dungeon Sprint DCSS version 0.23.2-33-g5129a83184 (webtiles) character file.

Game seed: 17214378982514455815

25188 Groucho the Spry (level 12, -8/70 HPs)
             Began as a Spriggan Enchanter on July 26, 2019.
             Was the Champion of Dithmenos.
             Mangled by a fire giant
             ... wielding a +2 great sword of flaming
              (29 damage)
             ... in the Dungeon (Sprint I: "Red Sonja").
             The game lasted 00:19:34 (2900 turns).

Groucho the Spry (Spriggan Enchanter)               Turns: 2900, Time: 00:19:35

Health: -8/70      AC:  5    Str:  6    XL:     12   Next: 87%
Magic:  5/41       EV: 38    Int: 19    God:    Dithmenos [******]
Gold:   1737       SH:  0    Dex: 23    Spells: 34/49 levels left

rFire    + . .     SeeInvis +   a - +1 dagger
rCold    . . .     Gourm    .   (shield restricted)
rNeg     + . .     Faith    .   b - +0 robe
rPois    +         Spirit   .   (helmet restricted)
rElec    .         Reflect  .   m - +2 ratskin cloak {+Rats rPois rN+ Str-1 Int-1 Dex+1}
rCorr    +         Harm     .   (gloves unavailable)
MR       +++..     NoTele   +   (boots unavailable)
Stlth    ++++++++++             (no amulet)
HPRegen  0.21/turn              k - ring "Jezeargh" {rF+ MR+ MP+9 Str+3 Int+4}
MPRegen  0.27/turn              i - ring of resist corrosion

@: very slightly contaminated, wreathed by umbra, very quick
A: very small, unfitting armour, see invisible, deterioration 1, herbivore,
speed 3, low mp 1, slow metabolism 2
a: Shadow Step, Shadow Form, Renounce Religion, Evoke Ratskin


You were in the Dungeon.
You worshipped Dithmenos.
Dithmenos was exalted by your worship.
You were not hungry.

You visited 1 branch You collected 3136 gold pieces.
You spent 1399 gold pieces at shops.

Inventory:

Hand Weapons
 a - a +1 dagger (weapon)
Armour
 b - a +0 robe (worn)
 m - the +2 ratskin cloak (worn) {+Rats rPois rN+ Str-1 Int-1 Dex+1}
   (You bought it in a shop in the Dungeon)

   It affects your strength (-1).
   It affects your intelligence (-1).
   It affects your dexterity (+1).
   It protects you from poison.
   It protects you from negative energy.
Jewellery
 i - a ring of resist corrosion (right hand)
 k - the ring "Jezeargh" (left hand) {rF+ MR+ MP+9 Str+3 Int+4}
   (You bought it in a shop in the Dungeon)

   [ring of magical power]

   It affects your strength (+3).
   It affects your intelligence (+4).
   It protects you from fire.
   It affects your resistance to hostile enchantments.
   It affects your magic capacity (+9).
 n - an uncursed ring of positive energy {unknown}
Wands
 c - a wand of flame (17)
Scrolls
 j - a scroll of remove curse {unknown}
 l - a scroll of random uselessness {unknown}
Potions
 e - a potion of curing
 f - a potion of heal wounds
 g - a potion of haste
 h - 3 potions of magic
 o - a potion of cancellation {unknown}
Comestibles
 d - 2 rations


   Skills:
 * Level 11.0 Fighting
 - Level 14.1 Short Blades
 + Level 20.8 Dodging
 - Level 19.1 Stealth
 + Level 19.4 Spellcasting
 - Level 13.4 Hexes


You had 34 spell levels left.
You knew the following spells:

 Your Spells              Type           Power        Failure   Level  Hunger
a - Corona                Hex            ######.      0%          1    None
b - Ensorcelled Hibernat  Hex/Ice        #####.       1%          2    None
c - Confuse               Hex            ######..     1%          3    None
d - Dazzling Spray        Conj/Hex       #####.       1%          3    None
e - Apportation           Tloc           ###...       2%          1    None
f - Summon Small Mammal   Summ           ###.         2%          1    None
g - Animate Skeleton      Necr           N/A          2%          1    None
h - Tukima's Dance        Hex            ######..     1%          3    None

Your spell library contained the following spells:

 Spells                   Type           Power        Failure   Level  Hunger
 Confusing Touch          Hex            ######       0%          1    None


Dungeon Overview and Level Annotations

Branches:
Dungeon (1/1)

Altars:
Cheibriados
Dithmenos
Elyvilon
Fedhas
Gozag
Hepliaklqana
Kikubaaqudgha
Makhleb
Nemelex Xobeh
Okawaru
Qazlal
Ru
Sif Muna
Trog
Uskayaw
Vehumet
Wu Jian
Xom
Yredelemnul
Zin
The Shining One
Jiyva
Lugonu

Shops:
D (([((}((((?(=*:=[*[[[*


Innate Abilities, Weirdness & Mutations

You are very small and have problems with some larger weapons.
You are too small for most types of armour.
You have supernaturally acute eyesight. (SInv)
You are a herbivore.
You cover ground extremely quickly.
You need to consume almost no food.
Your body sometimes deteriorates upon taking damage.
Your magical capacity is low. (-10% MP)


Message History

You hit the fire giant.
The fire giant is lightly wounded.
Your shadow hits the fire giant but does no damage.
Casting: Ensorcelled Hibernation (safe; 1% risk of failure)
Confirm with . or Enter, or press ? or * to list all spells.
Aiming: Ensorcelled Hibernation (safe; 1% risk of failure)
Press: ? - help, Shift-Dir - straight line, f - fire giant
Aim: a fire giant, wielding a +2 great sword of flaming (black smoke, lightly wounded, umbra, chance to defeat MR: 19%)
The fire giant resists with almost no effort.
The fire giant closely misses you.
Casting: Ensorcelled Hibernation (safe; 1% risk of failure)
Confirm with . or Enter, or press ? or * to list all spells.
Aiming: Ensorcelled Hibernation (safe; 1% risk of failure)
Press: ? - help, Shift-Dir - straight line, f/p - fire giant
Aim: a fire giant, wielding a +2 great sword of flaming (black smoke, lightly wounded, umbra, chance to defeat MR: 19%)
The fire giant resists with almost no effort.
Your shadow mimicks your spell!
The fire giant resists with almost no effort.
The fire giant hits you with a +2 great sword of flaming!!
You die...

##§§§§#'#.###§# )?##
#§§§§§#...#
##'####^..#y#§##$$$#
##§§§§#(∩.#
#°○^°°#...###..###$#
###§##.§.#
#.○.○.+.....##.#A#$#
#§####'#
###.°○#^....#..###$#
##'#§§§.#
'.#°.^###++##.##..$#
##§§§§§§.. #.#°°##
#.§#+### #..§§§...§
#.#..# ##§§§#
##.^§§.§..§ #.##'#
###@# #..§§.[..§§
#.##.# #C#
#..§.§§[..§ §§####
#§# ##.^....... #§#
####'# #.........
#§#### ###....#
##........
§§#"?%#####.C.####
##...[).#
###!....C.C.###
########
#$%%....#####
#??....##


You could see a fire giant.

Vanquished Creatures
  A golden dragon (D)
  A shadow dragon (D)
  2 fire giants (D)
  A lorocyproca (D)
  A hydra (D)
  2 centaur warriors (D)
  Sonja (D)
  A deep troll (D)
  7 unseen horrors (D)
  A lindwurm (D)
  An oklob plant (D)
  8 shining eyes (D)
  A gargoyle (D)
  2 kobold demonologists (D)
  4 demonic crawlers (D)
  A hornet (D)
  A slime creature (D)
  2 redbacks (D)
  Sigmund (D)
  13 hogs (D)
  A yak (D)
  7 floating eyes (D)
  7 necrophages (D)
  An ogre (D)
  8 jellies (D)
  Ijyb (D)
77 creatures vanquished.

Vanquished Creatures (others)
  A fire giant (D)
1 creature vanquished.

Grand Total: 78 creatures vanquished

Notes
Turn   | Place    | Note
-------+----------+-------------------------------------------
     0 | D        | Groucho the Spriggan Enchanter began the quest for the Orb.
     0 | D        | Reached XP level 1. HP: 9/9 MP: 5/5
     6 | D        | Noticed Ijyb
    10 | D        | Killed Ijyb
    10 | D        | Reached skill level 5 in Hexes
    10 | D        | Reached XP level 2. HP: 13/13 MP: 6/8
    58 | D        | Learned a level 2 spell: Ensorcelled Hibernation
    60 | D        | Noticed an ogre
    64 | D        | Killed an ogre
    64 | D        | Reached XP level 3. HP: 16/16 MP: 6/11
    64 | D        | Reached XP level 4. HP: 21/21 MP: 7/13
   115 | D        | Noticed Sigmund
   117 | D        | Killed Sigmund
   117 | D        | Reached XP level 5. HP: 24/24 MP: 13/16
   117 | D        | Reached XP level 6. HP: 28/28 MP: 14/18
   149 | D        | Learned a level 3 spell: Confuse
   153 | D        | Learned a level 3 spell: Dazzling Spray
   154 | D        | Found an ornate altar of the Wu Jian Council.
   154 | D        | Found a deep blue altar of Sif Muna.
   156 | D        | Found a radiant altar of Vehumet.
   195 | D        | Found Uffumi's Weapon Emporium.
   195 | D        | Found an ancient bone altar of Kikubaaqudgha.
   195 | D        | Found a hazy altar of Hepliaklqana.
   195 | D        | Found a stormy altar of Qazlal.
   195 | D        | Found a hide-covered altar of Uskayaw.
   195 | D        | Found a blossoming altar of Fedhas.
   195 | D        | Found a bloodstained altar of Trog.
   195 | D        | Found an iron altar of Okawaru.
   195 | D        | Found a basalt altar of Yredelemnul.
   195 | D        | Found a glowing golden altar of the Shining One.
   195 | D        | Found a snail-covered altar of Cheibriados.
   195 | D        | Found a sacrificial altar of Ru.
   195 | D        | Found a glowing silver altar of Zin.
   195 | D        | Found a shadowy altar of Dithmenos.
   195 | D        | Found a white marble altar of Elyvilon.
   195 | D        | Noticed a yak
   197 | D        | Killed a yak
   197 | D        | Reached skill level 15 in Stealth
   198 | D        | Found an opulent altar of Gozag.
   199 | D        | Found a sparkling altar of Nemelex Xobeh.
   218 | D        | Found a burning altar of Makhleb.
   218 | D        | Found a shimmering altar of Xom.
   218 | D        | Noticed a slime creature
   219 | D        | Found a viscous altar of Jiyva.
   219 | D        | Found a corrupted altar of Lugonu.
   221 | D        | Killed a slime creature
   221 | D        | Reached skill level 4 in Dodging
   221 | D        | Reached skill level 10 in Hexes
   221 | D        | Reached XP level 7. HP: 32/32 MP: 19/21
   241 | D        | Became a worshipper of Dithmenos the Shadowed
   259 | D        | Noticed a centaur warrior
   260 | D        | Noticed a centaur warrior
   261 | D        | Killed a centaur warrior
   261 | D        | Reached skill level 5 in Short Blades
   261 | D        | Reached skill level 7 in Dodging
   261 | D        | Reached skill level 10 in Spellcasting
   261 | D        | Reached XP level 8. HP: 36/36 MP: 21/23
   262 | D        | Killed a centaur warrior
   262 | D        | Reached skill level 9 in Dodging
   280 | D        | Noticed a hornet
   285 | D        | Killed a hornet
   285 | D        | Reached * piety under Dithmenos
   285 | D        | Reached XP level 9. HP: 39/39 MP: 20/25
   297 | D        | Noticed an oklob plant
   299 | D        | Killed an oklob plant
   299 | D        | Reached skill level 10 in Dodging
   309 | D        | Reached ** piety under Dithmenos
   309 | D        | Reached skill level 11 in Dodging
   342 | D        | Noticed an unseen horror
   343 | D        | Noticed an unseen horror
   352 | D        | Killed an unseen horror
   362 | D        | Killed an unseen horror
   362 | D        | Reached skill level 12 in Dodging
   362 | D        | Reached XP level 10. HP: 44/44 MP: 23/28
   386 | D        | Reached *** piety under Dithmenos
   403 | D        | Reached **** piety under Dithmenos
   464 | D        | Reached ***** piety under Dithmenos
   469 | D        | Reached skill level 10 in Short Blades
   470 | D        | Reached skill level 13 in Dodging
   486 | D        | Found Jaabisat's Weapon Shoppe.
   486 | D        | Found Ketreocaoz's Antique Weapon Shop.
   486 | D        | Found Dircho's Weapon Boutique.
   488 | D        | Found Teaco Tumamp's Weapon Emporium.
   488 | D        | Found Qaruh's Magic Scroll Shop.
   488 | D        | Found Epoheec's Antique Weapon Shoppe.
   488 | D        | Found Gecearatt's Jewellery Boutique.
   488 | D        | Found Anumom Lui's Assorted Antiques.
   488 | D        | Found Imisut's Book Shop.
   488 | D        | Found Peedaf's Jewellery Shoppe.
   492 | D        | Found Exiudo's Antique Armour Boutique.
   493 | D        | Found Bowoqacu's Armour Emporium.
   493 | D        | Found Kiwk's Assorted Antiques.
   494 | D        | Found Eblal's Antique Armour Emporium.
   496 | D        | Bought the ring "Jezeargh" {rF+ MR+ MP+9 Str+3 Int+4} for
                  | 760 gold pieces
   687 | D        | Noticed a deep troll
   689 | D        | Killed a deep troll
   694 | D        | Found Qesimy's Armour Emporium.
   711 | D        | Noticed Sonja
   715 | D        | Killed Sonja
   715 | D        | Reached skill level 14 in Dodging
   731 | D        | Found Pyrphax's Weapon Boutique.
   745 | D        | Noticed a shining eye
   745 | D        | Noticed a shining eye
   745 | D        | Noticed a shining eye
   746 | D        | Noticed a shining eye
   746 | D        | Noticed a shining eye
   746 | D        | Noticed a shining eye
   746 | D        | Noticed a shining eye
   747 | D        | Killed a shining eye
   748 | D        | Killed a shining eye
   749 | D        | Noticed a shining eye
   752 | D        | Paralysed by a floating eye for 3 turns
   755 | D        | Killed a shining eye
   755 | D        | Reached skill level 15 in Dodging
   755 | D        | Reached skill level 15 in Spellcasting
   758 | D        | Killed a shining eye
   760 | D        | Paralysed by a floating eye for 4 turns
   765 | D        | Killed a shining eye
   765 | D        | Reached ****** piety under Dithmenos
   765 | D        | Reached XP level 11. HP: 41/47 MP: 31/31
   768 | D        | Paralysed by a floating eye for 3 turns
   770 | D        | Gained mutation: Your magical capacity is low. (-10% MP) [a
                  | shining eye]
   772 | D        | Gained mutation: Your body sometimes deteriorates upon
                  | taking damage. [a shining eye]
   779 | D        | Killed a shining eye
   785 | D        | Killed a shining eye
   785 | D        | Reached skill level 16 in Dodging
   789 | D        | Killed a shining eye
   947 | D        | Found Guimiunn's Weapon Shoppe.
   947 | D        | Found Tuuscheul's Weapon Shop.
   947 | D        | Found Tyebbof's Armour Emporium.
   947 | D        | Found Fuaqukh's Gadget Boutique.
  1024 | D        | Bought the +2 ratskin cloak {+Rats rPois rN+ Str-1 Int-1
                  | Dex+1} for 639 gold pieces
  1024 | D        | Found the +2 ratskin cloak {+Rats rPois rN+ Str-1 Int-1
                  | Dex+1}
  1113 | D        | Reached skill level 17 in Dodging
  1338 | D        | Noticed a lindwurm
  1340 | D        | Killed a lindwurm
  1394 | D        | Reached skill level 1 in Fighting
  1404 | D        | Reached skill level 18 in Dodging
  1611 | D        | Noticed a 12-headed hydra
  1618 | D        | Killed a 12-headed hydra
  2218 | D        | Noticed a shadow dragon
  2221 | D        | Noticed a golden dragon
  2222 | D        | Killed a golden dragon
  2222 | D        | Reached skill level 19 in Dodging
  2222 | D        | Reached XP level 12. HP: 58/63 MP: 31/31
  2224 | D        | Killed a shadow dragon
  2232 | D        | Learned a level 1 spell: Apportation
  2234 | D        | Learned a level 1 spell: Summon Small Mammal
  2236 | D        | Learned a level 1 spell: Animate Skeleton
  2240 | D        | Learned a level 3 spell: Tukima's Dance
  2301 | D        | Found Team's General Store.
  2669 | D        | Noticed a lorocyproca
  2682 | D        | Killed a lorocyproca
  2846 | D        | Noticed a daeva
  2855 | D        | Reached skill level 20 in Dodging
  2863 | D        | Noticed a fire giant
  2864 | D        | Noticed a fire giant
  2864 | D        | Noticed a fire giant
  2864 | D        | Noticed a fire giant
  2865 | D        | Killed a fire giant
  2865 | D        | Reached skill level 10 in Fighting
  2893 | D        | Killed a fire giant
  2896 | D        | Killed a fire giant
  2900 | D        | Mangled by a fire giant

Skill      XL: |  1  2  3  4  5  6  7  8  9 10 11 12 |
---------------+-------------------------------------+-----
Stealth        | 7 11 13 15 16 17 19 | 19.1
Spellcasting   | 4 6 8 9 10 11 13 15 18 19 | 19.4
Hexes          | 5 6 8 10 11 12 13 | 13.4
Short Blades   | 3 5 7 9 12 14 | 14.1
Dodging        | 4 7 9 12 15 19 20 | 20.8
Fighting       | 7 11 | 11.0

Action                   |  1- 3 |  4- 6 |  7- 9 | 10-12 || total
-------------------------+-------+-------+-------+-------++-------
Melee: Dagger            |     4 |     4 |    10 |    75 ||    93
 Cast: Ensorcelled Hiber |     1 |     1 |     5 |    28 ||    35
       Confuse           |       |       |       |     9 ||     9
       Dazzling Spray    |       |       |       |    25 ||    25
       Summon Small Mamm |       |       |       |     3 ||     3
Invok: Shadow Step       |       |       |       |     6 ||     6
 Abil: Evoke Ratskin     |       |       |       |     2 ||     2
  Use: Potion            |     1 |       |       |     2 ||     3
       Scroll            |       |       |     1 |       ||     1
 Stab: Sleeping          |     3 |     4 |     9 |    51 ||    67
       Confused          |       |       |       |     4 ||     4
       Invisible         |       |       |       |     6 ||     6
  Eat: Ration            |       |       |       |     1 ||     1
Armor: Robe              |     1 |       |       |     1 ||     2
Dodge: Dodged            |     2 |       |     5 |   134 ||   141
